 Dungeon Crawl Stone Soup version 0.30-a0-165-g1891117ce2 (webtiles) character file.

Game seed: 17272517501134454624

709 qw the Chopper (level 7, -4/43 HPs)
             Began as a Gargoyle Fighter on Sept 28, 2022.
             Slain by a gnoll sergeant
             ... wielding a +4 trident of flaming
              (11 damage)
             ... on level 5 of the Dungeon.
             The game lasted 00:01:37 (5000 turns).

qw the Chopper (Gargoyle Fighter)                   Turns: 5000, Time: 00:01:37

Health: -4/43      AC: 18    Str: 27    XL:     7   Next: 68%
Magic:  7/7        EV:  8    Int:  8    God:
Gold:   250        SH:  6    Dex:  9    Spells: 6/6 levels left

rFire   . . .      SeeInvis .    Y - +0 war axe
rCold   . . .      Faith    .    a - +2 buckler of Henotheism {Str+5}
rNeg    + . .      Spirit   .    m - +0 chain mail
rPois   inf        Reflect  .    (no helmet)
rElec   +          Harm     .    (no cloak)
rCorr   .          Rampage  .    l - +2 pair of gloves
Will    +....                    h - +0 pair of boots
Stlth   ..........               (no amulet)
HPRegen 0.14/turn                g - ring of willpower
MPRegen 0.10/turn                (no ring)

@: no status effects
A: sickness immunity, AC +4, negative energy resistance 1, electricity
resistance, torment resistance 1, petrification resistance
a: no special abilities


You were on level 5 of the Dungeon.
You visited 1 branch of the dungeon, and saw 5 of its levels.

You collected 250 gold pieces.


Innate Abilities, Weirdness & Mutations

You are immune to sickness and miasma.
Your stone body is resilient. (AC +4)
You are immune to poison.
You resist negative energy. (rN+)
You are resistant to electric shocks. (rElec)
You are resistant to unholy torment.
You are immune to petrification.


   Skills:
 + Level 4.3 Fighting
 - Level 7.2 Axes
 - Level 3.2 Armour
 - Level 1.0 Dodging
 - Level 3.2 Shields


You had 6 spell levels left.
You didn't know any spells.
Your spell library was empty.

Inventory:

Hand Weapons
 p - a +2 hand axe of flaming
 Y - a +0 war axe (weapon)
Armour
 a - the +2 buckler of Henotheism (worn) {Str+5}
   (You acquired it on level 4 of the Dungeon)

   Str:       It affects your strength (+5).
 h - a +0 pair of boots (worn)
 l - a +2 pair of gloves (worn)
 m - a +0 chain mail (worn)
Jewellery
 b - an amulet of guardian spirit
 g - a ring of willpower (left hand)
Scrolls
 r - a scroll of identify
Potions
 d - 2 potions of might
 f - a potion of cancellation
 i - 2 potions of curing
 j - a potion of haste
 n - a potion of mutation {unknown}
 o - a potion of attraction {unknown}

Dungeon Overview and Level Annotations

Branches:
Dungeon (5/15)
 Temple: D:4-7

Altars:
Dithmenos

Shops:
D:1 [

Annotations:
D:4 1 runed translucent door, Crazy Yiuf


Message History

The gnoll hits you but does no damage.
The gnoll sergeant hits you from afar with a +4 trident of flaming.
The gnoll sergeant burns you.
You hit the gnoll.
The gnoll is heavily wounded.
The gnoll hits you but does no damage.
The gnoll sergeant hits you from afar with a +4 trident of flaming.
The gnoll sergeant burns you.
You barely miss the gnoll.
The gnoll is heavily wounded.
The gnoll barely misses you.
The gnoll sergeant hits you from afar with a +4 trident of flaming!
The gnoll sergeant burns you.
You barely miss the gnoll.
The gnoll is heavily wounded.
The gnoll barely misses you.
The gnoll sergeant hits you from afar with a +4 trident of flaming.
The gnoll sergeant burns you. The gnoll misses you.
The gnoll sergeant hits you but does no damage.
You hit the gnoll.
The gnoll is severely wounded.
The gnoll hits you but does no damage. You block the gnoll sergeant's attack.
You closely miss the gnoll.
The gnoll is severely wounded.
The gnoll hits you with a +0 whip. You block the gnoll sergeant's attack.
You slash the gnoll!
You kill the gnoll!
You block the gnoll sergeant's attack.
The gnoll sergeant hits you with a +4 trident of flaming.
The gnoll sergeant burns you.
Items here: $ %%%% ))))) ? [[[.
You hit the gnoll sergeant but do no damage.
A gnoll comes into view. It is wielding a +0 spear.
The gnoll sergeant hits you with a +4 trident of flaming.
The gnoll sergeant burns you.
The gnoll shouts!
You slash the gnoll sergeant!
The gnoll sergeant is heavily wounded.
The gnoll sergeant hits you with a +4 trident of flaming!
You die...

.#...#####.###......##
.###.# ###.# #......#
## #.###.#.# #......#
# ##.....#.# #......#
# #......#.# #......#
# #.####.#.# ##.....#
#.# ### #.....# # #.#
##.#### ###.# #@#
....# #)g.# #####
....... # ######g.>#
... .. .


You could see a gnoll sergeant and a gnoll.

Vanquished Creatures
  A water moccasin (D:5)
  A black bear (D:3)
  2 scorpions (D:4)
  A howler monkey (D:4)
  A hound (D:4)
  2 orc priests (D:4)
  An iguana (D:4)
  5 gnolls
  8 adders
  A white imp (D:4)
  3 worms
  3 dart slugs
  7 orcs
  9 ball pythons
  8 endoplasms
  2 giant cockroaches (D:2)
  9 goblins
  8 hobgoblins
  8 jackals
  6 kobolds
  3 quokkas
  6 bats
  6 frilled lizards
  2 rats
103 creatures vanquished.

Notes
Turn   | Place    | Note
-------+----------+-------------------------------------------
     0 | D:1      | qw the Gargoyle Fighter began the quest for the Orb.
     0 | D:1      | Reached XP level 1. HP: 14/14 MP: 1/1
     0 | D:1      | 0 ||| qw: Version: 0.2-a-12-gaebbb33
     0 | D:1      | 0 ||| qw: Game counter: 787
     0 | D:1      | 0 ||| qw: Always use a shield: true
     0 | D:1      | 0 ||| qw: God list: Okawaru
     0 | D:1      | 0 ||| qw: Allow faded altars: false
     0 | D:1      | 0 ||| qw: Do Orc after D:15 true
     0 | D:1      | 0 ||| qw: Do second Lair branch before Depths: true
     0 | D:1      | 0 ||| qw: Lair rune preference: random
     0 | D:1      | 0 ||| qw: Plans: Normal, Zot:1-4, God:TSO, Crypt, Tomb,
                  | Pan, Slime:5, Hells, Abyss, Orb
     0 | D:1      | 0 ||| PLANNING D:1-11
    88 | D:1      | 88 ||| Stepping ~*~*~tactically~*~*~ (stealth).
    90 | D:1      | 90 ||| Stepping ~*~*~tactically~*~*~ (stealth).
   102 | D:1      | Reached skill level 2 in Axes
   343 | D:1      | Reached XP level 2. HP: 19/19 MP: 2/2
   347 | D:1      | 347 ||| Stepping ~*~*~tactically~*~*~ (stealth).
   469 | D:1      | 469 ||| Stepping ~*~*~tactically~*~*~ (stealth).
   560 | D:1      | Reached skill level 3 in Axes
   560 | D:1      | 560 ||| Stepping ~*~*~tactically~*~*~ (stealth).
   561 | D:1      | 561 ||| Stepping ~*~*~tactically~*~*~ (stealth).
   569 | D:1      | Reached XP level 3. HP: 23/23 MP: 3/3
   574 | D:1      | 574 ||| DROPPING +0 club.
   597 | D:1      | 597 ||| Stepping ~*~*~tactically~*~*~ (stealth).
  1099 | D:1      | Found Xyopiapt's Antique Armour Shop.
  1108 | D:1      | 1108 ||| SHOPLISTING glowing ring mail (140 gold, have 24).
  1263 | D:1      | 1263 ||| UPGRADING to +0 pair of boots.
  1268 | D:1      | 1268 ||| UPGRADING to +0 chain mail.
  1278 | D:1      | 1278 ||| DROPPING +0 scale mail.
  1279 | D:1      | 1279 ||| UPGRADING to ring of willpower.
  1280 | D:1      | 1280 ||| READING scroll labelled LUCIOPSUHA.
  1281 | D:1      | 1281 ||| READING scroll labelled ACHAUKKAWYI.
  1282 | D:1      | 1282 ||| READING scroll labelled ATITEK IDOIDI.
  1328 | D:1      | 1328 ||| READING scroll labelled GODGHU SYDIKU.
  1386 | D:2      | 1386 ||| Stepping ~*~*~tactically~*~*~ (stealth).
  1554 | D:2      | 1554 ||| Stepping ~*~*~tactically~*~*~ (stealth).
  1584 | D:2      | 1584 ||| UPGRADING to +2 pair of gloves.
  1806 | D:2      | Reached XP level 4. HP: 28/28 MP: 4/4
  1824 | D:2      | 1824 ||| DROPPING +0 whip.
  1898 | D:2      | Reached skill level 4 in Axes
  2269 | D:2      | 2269 ||| READING scroll labelled RUUCOXK BOLLU.
  2270 | D:2      | 2270 ||| READING scroll labelled YSTRALI HOTIDI.
  2271 | D:2      | 2271 ||| DRINKING 2 red potions.
  2313 | D:3      | Noticed a black bear
  2323 | D:3      | Killed a black bear
  2324 | D:3      | Reached skill level 5 in Axes
  2324 | D:3      | Reached XP level 5. HP: 25/32 MP: 5/5
  2324 | D:3      | 2324 ||| FLEEEEING.
  2325 | D:3      | 2325 ||| FLEEEEING.
  2326 | D:3      | 2326 ||| FLEEEEING.
  2331 | D:3      | 2331 ||| FLEEEEING.
  2332 | D:3      | 2332 ||| FLEEEEING.
  2333 | D:3      | 2333 ||| FLEEEEING.
  2334 | D:3      | 2334 ||| FLEEEEING.
  2335 | D:3      | 2335 ||| STAIRDANCE
  2387 | D:2      | 2387 ||| DRINKING 2 cyan potions.
  2504 | D:3      | 2504 ||| Stepping ~*~*~tactically~*~*~ (hiding).
  2767 | D:3      | Found a faded altar of an unknown god.
  2769 | D:3      | Noticed an eye of devastation
  2770 | D:3      | Noticed a shining eye
  2770 | D:3      | Noticed a golden eye
  2770 | D:3      | Noticed a golden eye
  2976 | D:3      | 2976 ||| Stepping ~*~*~tactically~*~*~ (stealth).
  2978 | D:3      | 2978 ||| Stepping ~*~*~tactically~*~*~ (stealth).
  3111 | D:3      | Reached XP level 6. HP: 38/38 MP: 6/6
  3226 | D:3      | 3226 ||| READING scroll labelled HIGASAMYB ZEPSEOCH.
  3227 | D:3      | 3227 ||| READING scroll labelled UNNEYM NEJOH.
  3228 | D:3      | 3228 ||| READING 3 scrolls labelled FIWIRR TACVA.
  3229 | D:3      | 3229 ||| READING 2 scrolls of identify.
  3229 | D:3      | 3229 ||| IDENTIFYING yellow potion
  3230 | D:3      | 3230 ||| DROPPING potion of magic.
  3379 | D:4      | 3379 ||| Stepping ~*~*~tactically~*~*~ (stealth).
  3430 | D:4      | HP: 6/38 [orc priest/divine providence (14)]
  3431 | D:4      | Reached skill level 6 in Axes
  3742 | D:4      | 3742 ||| Stepping ~*~*~tactically~*~*~ (hiding).
  3907 | D:4      | Reached skill level 1 in Dodging
  3929 | D:4      | Reached XP level 7. HP: 40/43 MP: 7/7
  4016 | D:4      | Found a shadowy altar of Dithmenos.
  4192 | D:4      | Found a runed translucent door.
  4193 | D:4      | Noticed Crazy Yiuf
  4651 | D:4      | 4651 ||| READING scroll labelled UREOSSODO.
  4652 | D:4      | 4652 ||| READING scroll labelled QOBOCO KINNE.
  4652 | D:4      | Identified a scroll of acquirement
  4652 | D:4      | 4652 ||| ACQUIRING +2 buckler of Henotheism {Str+5}
  4652 | D:4      | Acquired the +2 buckler of Henotheism {Str+5}
  4654 | D:4      | 4654 ||| UPGRADING to +2 buckler of Henotheism {Str+5}.
  4664 | D:4      | 4664 ||| DROPPING +0 buckler.
  4665 | D:4      | 4665 ||| DRINKING 3 fizzy yellow potions.
  4666 | D:4      | 4666 ||| DRINKING 2 fizzy brown potions.
  4667 | D:4      | 4667 ||| READING 2 scrolls of identify.
  4667 | D:4      | 4667 ||| IDENTIFYING puce potion
  4668 | D:4      | 4668 ||| DROPPING 2 potions of invisibility.
  4669 | D:4      | 4669 ||| DROPPING potion of degeneration.
  4741 | D:5      | Entered Level 5 of the Dungeon
  4831 | D:5      | Reached skill level 7 in Axes
  4975 | D:5      | 4975 ||| Stepping ~*~*~tactically~*~*~ (stealth).
  4977 | D:5      | 4977 ||| Stepping ~*~*~tactically~*~*~ (hiding).
  4986 | D:5      | 4986 ||| Stepping ~*~*~tactically~*~*~ (hiding).
  4998 | D:5      | HP: 10/43 [gnoll sergeant/+4 trident of flaming (1)]
  5000 | D:5      | Slain by a gnoll sergeant

Levels and vault maps discovered:
D:1:      dpeg_arrival_lava_temple_mockup, layout_basic, serial_shops,
          nicolae_shop_crystal
D:2:      layout_loops_corners, serial_glass, glass_columns_a, glass_columns_a,
          glass_columns_a, glass_columns_c, glass_columns_a, glass_columns_a,
          minmay_tetromino_l4
D:3:      layout_basic, hellmonk_ecumenical_altar_watching_god,
          patterned_corridor
D:4:      layout_basic, grunt_dithmenos_smoke_and_mirrors,
          hangedman_decor_slide_cut, minmay_quantized, uniq_crazy_yiuf_cottage
D:5:      layout_basic

Skill      XL: |  1  2  3  4  5  6  7 |
---------------+----------------------+-----
Axes           | 2 3 5 6 7 |  7.2
Fighting       | 4 |  4.3
Dodging        | 1 |  1.0
Armour         | |  3.2
Shields        | |  3.2

Action                   |  1- 3 |  4- 6 |  7- 9 || total
-------------------------+-------+-------+-------++-------
Melee: War axe           |   102 |   171 |    70 ||   343
  Use: Scroll            |     4 |     6 |     3 ||    13
       Potion            |       |     2 |     2 ||     4
Armor: Scale mail        |    43 |       |       ||    43
       Chain mail        |    20 |   141 |    42 ||   203
Dodge: Dodged            |    39 |    67 |    20 ||   126
Block: Buckler           |    20 |    25 |    16 ||    61

Table legend:
 A = Non-vault XP
 B = Vault XP
 C = Vault XP percentage of total XP
 D = Non-vault monster count
 E = Vault monster count
 F = Vault count percentage of total count
                 A         B        C        D         E       F
            +---------+---------+-------+---------+---------+-------
      Total |     862 |     151 |  14.9 |      97 |       6 |   5.8
            +---------+---------+-------+---------+---------+-------
        D:1 |      44 |       0 |   0.0 |      24 |       0 |   0.0
        D:2 |      52 |      18 |  25.7 |      20 |       3 |  13.0
        D:3 |     214 |       0 |   0.0 |      25 |       0 |   0.0
        D:4 |     357 |     133 |  27.1 |      20 |       3 |  13.0
        D:5 |     195 |       0 |   0.0 |       8 |       0 |   0.0
            +---------+---------+-------+---------+---------+-------
